 Dungeon Crawl Stone Soup version 0.31.0-32-g396128a36d (webtiles) character file.

Game seed: 16337111989950672641

4 tdove the Shield-Bearer (level 1, -2/16 HPs)
             Began as an Octopode Fighter on Mar 24, 2024.
             Engulfed by a cloud of poison gas (5 damage)
             ... on level 1 of the Dungeon.
             The game lasted 00:03:00 (141 turns).

tdove the Shield-Bearer (Octopode Fighter)           Turns: 141, Time: 00:03:00

Health: -2/16      AC:  1    Str: 15    XL:     1   Next: 70%
Magic:  1/1        EV: 13    Int: 10    God:
Gold:   10         SH:  4    Dex: 11    Spells: 0/0 levels left

rFire   . . .        a - +0 rapier
rCold   . . .        b - +0 buckler
rNeg    . . .        (helmet restricted)
rPois   .            (no amulet)
rElec   .            (no ring)
rCorr   .            (no ring)
SInv    .            (no ring)
Will    .....        (no ring)
Stlth   ++           (no ring)
HPRegen 0.22/turn    (no ring)
MPRegen 0.07/turn    (no ring)
                     (no ring)

%: no passive effects
@: lethally poisoned (-2 -> -41)
A: almost no armour, amphibious, 8 rings, camouflage 1, gelatinous body 1,
(nimble swimmer 1), tentacles
a: no special abilities


You were on level 1 of the Dungeon.
You visited 1 branch of the dungeon, and saw 1 of its levels.

You collected 10 gold pieces.

Inventory:

Hand Weapons
 a - a +0 rapier (weapon)
Armour
 b - a +0 buckler (worn)
Scrolls
 d - 2 scrolls of amnesia
 e - 2 scrolls of poison
Potions
 c - a potion of might


   Skills:
 + Level 3.1 Fighting
 + Level 2.0 Short Blades
 + Level 3.1 Dodging
 + Level 3.1 Shields


You couldn't memorise any spells.
You didn't know any spells.
Your spell library was empty.

Dungeon Overview and Level Annotations

Branches:
Dungeon (1/15)

Altars:


Innate Abilities, Weirdness & Mutations

You cannot wear most types of armour.
You are amphibious.
You can wear up to eight rings at the same time.
Your skin changes colour to match your surroundings (Stealth+).
Your rubbery body absorbs attacks. (AC +1, EV +1)
((You are camouflaged when in or above water. (Stealth+)))
You have tentacles for arms and can constrict up to eight enemies at once.


Message History

You see here a rat corpse.
There is a stone staircase leading down here.
You open the door.
A goblin comes into view. It is wielding a +0 dagger.
An endoplasm comes into view.
Found 3 scrolls labelled PABBAU MIMNUWO.
There is an open door here.
The goblin shouts!
The endoplasm quivers.
Found a dagger.
The goblin hits you with a +0 dagger.
You hit the endoplasm.
The endoplasm is heavily wounded.
The endoplasm freezes you.
You are frozen.
The goblin misses you.
You puncture the endoplasm!
You kill the endoplasm!
The goblin hits you but does no damage.
You hit the goblin.
You kill the goblin!
Things that are here:
a +0 dagger; a goblin corpse
e - 3 scrolls labelled PABBAU MIMNUWO
As you read the scroll labelled ZUTHRE SECSIC, it crumbles to dust.
It is a scroll of amnesia.
You feel forgetful for a moment.
The air fills with toxic fumes!
As you read the scroll labelled PABBAU MIMNUWO, it crumbles to dust.
It was a scroll of poison.
Unknown command.
Okay, then.
You are engulfed in poison gas.
You are lethally poisoned!
You feel very sick.
You are engulfed in poison gas.
You are more poisoned.
* * * LOW HITPOINT WARNING * * *
You feel extremely sick.
You open the door.
You are engulfed in poison gas.
You are more poisoned.
You die...

## #.# ..##....).# ##≈≈≈≈
#.# #§§§§§§... #≈≈≈≈# #.#
+§§§§§... #≈≈≈#####.#
#§§§§#..# ≈≈~~......#
#§§§§#..# ~≈~.......#
#.#§§§§#§§# ~≈≈.......#
#.#§§§§§§§#
~≈~.......###.#.§§§§§§#
~≈~........##.#§@§§§§§#
≈~~......#(#..##'#§#§§#
≈≈...............#.#..#
≈~.......#.#.#.#.#.#..#
≈~...[...#.......#.#..#
≈##########..#.#...#..####
## #........#.#...... #
#.#####...>..#####
#............†...#


There were no monsters in sight!

Vanquished Creatures
  2 endoplasms (D:1)
  A goblin (D:1)
  A rat (D:1)
4 creatures vanquished.

Notes
Turn   | Place    | Note
-------+----------+-------------------------------------------
     0 | D:1      | tdove the Octopode Fighter began the quest for the Orb.
     0 | D:1      | Reached XP level 1. HP: 16/16 MP: 1/1
   141 | D:1      | Engulfed by a cloud of poison gas

Illustrated notes

Levels and vault maps discovered:
D:1:      lemuel_arrival_river_ford, layout_basic, serial_glass,
          glass_columns_c, glass_columns_c, glass_columns_a, glass_columns_a,
          glass_columns_a, glass_columns_a, serial_shops, shop_fountains,
          basic_ecumenical_altar, roderic_roman_lattice

Action                     || total
---------------------------++-------
  Melee: Rapier            ||     7
         Constrict         ||     1
    Use: Scroll            ||     2
 Armour: Skin              ||     3
  Dodge: Dodged            ||     4
